cohdb
Replays
Latest Replays
All Replays
Popular Replays
Top Player Replays
Match Explorer
How It Works
Community
CoH3 Stats
Reddit
Sign in to upload your games and track your stats! →
Sign in with Steam
Match 46725411
Unlisted
Match 46725411
Overview
Messages
Build Orders
End
Kradschützen Motorcycle Team
Panzergrenadier Squad
Selects Battlefield Espionage Battlegroup
Selects Sector Subterfuge Beacon
Panzergrenadier Squad
Panzergrenadier Squad
Construct Light Support Kompanie
Construct Mechanized Kompanie
Panzerpioneer Squad
8 Rad Armored Car
Selects 250/3 Funkpanzerwagen
Selects Anti-Tank Incendiary Munitions
2.5-tonne Medical Truck
Veteran Squad Leaders
Vehicle Survival Package
Selects Plunder
Marder III Tank Destroyer
Support Armor Elements
Dark Lord Cthulhu
TheEz8
0
0
Comments
sign in to comment!
No comments posted yet!